 Dungeon Crawl Stone Soup version 0.26-a0-850-g97a50ab700 (webtiles) character file.

Game seed: 12220762344318414521

57 robertstho the Stinger (level 3, 0/19 HPs)
             Began as a Deep Elf Venom Mage on Nov 20, 2020.
             Slain by an adder (2 damage)
             ... on level 2 of the Dungeon.
             The game lasted 00:04:12 (1703 turns).

robertstho the Stinger (Deep Elf Venom Mage)        Turns: 1703, Time: 00:04:12

Health: 0/19       AC:  4    Str:  5    XL:     3   Next: 73%
Magic:  8/10       EV: 13    Int: 20    God:
Gold:   57         SH:  0    Dex: 15    Spells: 8/9 levels left

rFire    + . .     SeeInvis .   e - +1 short sword (elec)
rCold    + . .     Faith    .   (no shield)
rNeg     . . .     Spirit   .   a - +2 robe
rPois    +         Reflect  .   (no helmet)
rElec    +         Harm     .   (no cloak)
rCorr    +         Rampage  .   (no gloves)
MR       .....                  (no boots)
Stlth    ++........             (no amulet)
HPRegen  0.06/turn              (no ring)
MPRegen  0.12/turn              (no ring)

@: lethally poisoned (0 -> -8), resistant, very slightly contaminated, invisible
A: no striking features
a: no special abilities


You were on level 2 of the Dungeon.
You visited 1 branch of the dungeon, and saw 2 of its levels.

You collected 57 gold pieces.

Inventory:

Hand Weapons
 c - a +0 spear
 e - a +1 short sword of electrocution (weapon)
Armour
 a - a +2 robe (worn)
Jewellery
 b - an uncursed amulet of the acrobat {unknown}
 g - an uncursed amulet of reflection {unknown}
Potions
 h - a potion of flight {unknown}


   Skills:
 + Level 0.2 Short Blades
 + Level 2.6 Dodging
 + Level 2.4 Stealth
 * Level 3.8 Spellcasting
 * Level 2.1 Transmutations
 * Level 4.1 Poison Magic


You had 8 spell levels left.
You knew the following spells:

 Your Spells              Type           Power        Failure   Level
a - Sting                 Tmut/Pois      ###.         3%          1

Your spell library contained the following spells:

 Spells                   Type           Power        Failure   Level
 Poisonous Vapours        Pois/Air       ##....       9%          2
 Ignite Poison            Fire/Tmut/Pois ##......     17%         3
 Mephitic Cloud           Conj/Pois/Air  #.......     22%         3
 Olgreb's Toxic Radiance  Pois           ###.....     24%         4


Dungeon Overview and Level Annotations

Branches:
Dungeon (2/15)

Altars:


Message History

The adder is severely wounded.
The adder barely misses you.
Casting: Sting (safe; 3% risk of failure)
Confirm with . or Enter, or press ? or * to list all spells.
Aiming: Sting (safe; 3% risk of failure)
Press: ? - help, Shift-Dir - straight line, f/p - adder
Aim: an adder (severely wounded)
The sting misses the adder.
You feel sick. The adder bites you.
* * * LOW HITPOINT WARNING * * *
You are more poisoned.
The adder poisons you!
It was a potion of invisibility.
You fade into invisibility!
The adder misses you. x2
You are very lightly contaminated with residual magic.
It was a potion of resistance.
You feel protected.
* * * LOW HITPOINT WARNING * * *
You feel sick. The adder bites you.
You die...

.#..............†......######.
.#............................
...................###.######
.....#........<...##...#
.#..###..........##..### #...#
##............####.. ....
.................).# .
..................#####
...........@.....#
..........S.....#
................
.............#..
.................
.................
..............##
##.#.......(...


You could see an adder.

Vanquished Creatures
  2 adders (D:2)
  A leopard gecko (D:1)
  8 bats
  2 giant cockroaches (D:2)
  A goblin (D:1)
  6 hobgoblins
  3 jackals (D:2)
  4 kobolds (D:1)
  3 frilled lizards (D:1)
  7 rats
37 creatures vanquished.

Notes
Turn   | Place    | Note
-------+----------+-------------------------------------------
     0 | D:1      | robertstho the Deep Elf Venom Mage began the quest for the
                  | Orb.
     0 | D:1      | Reached XP level 1. HP: 10/10 MP: 6/6
   289 | D:1      | Reached XP level 2. HP: 15/15 MP: 8/8
   983 | D:1      | Reached skill level 4 in Poison Magic
  1239 | D:2      | Reached XP level 3. HP: 9/19 MP: 1/9
  1703 | D:2      | Slain by an adder

Illustrated notes

Levels and vault maps discovered:
D:1:      dpeg_arrival_more_subterranean_lakeside_camping, layout_rooms
D:2:      layout_rooms, uniq_terence

Skill      XL: |  1  2 |
---------------+-------+-----
Poison Magic   | 4 |  4.1
Transmutations | 2 |  2.1
Short Blades   | |  0.2
Dodging        | |  2.6
Stealth        | |  2.4
Spellcasting   | |  3.8

Action                   || total
-------------------------++-------
Melee: Spear             ||     5
       Short sword       ||    43
       Unarmed           ||     1
 Cast: Sting             ||    49
  Use: Scroll            ||     3
       Potion            ||     2
 Stab: Sleeping          ||     2
Armor: Robe              ||    27
Dodge: Dodged            ||    66

Table legend: (Time is in decaauts)
 A = Elapsed time spent in this place.
 B = Non-inter-level travel time spent in this place.
 C = Inter-level travel time spent in this place.
 D = Time resting spent in this place.
 E = Time spent auto-exploring this place.
 F = Levels seen in this place.
 G = Mean time per level.
                   A        B        C        D        E       F      G
               +--------+--------+--------+--------+--------+-----+--------+
         Total |   1707 |   1691 |     16 |    233 |   1201 |   2 |  853.5 |
       Dungeon |   1707 |   1691 |     16 |    233 |   1201 |   2 |  853.5 |
               +--------+--------+--------+--------+--------+-----+--------+

Top non-repeatable levels by time:
     D:1: 1471 daAuts
     D:2: 236 daAuts
